Get step-by-step instructions on how to execute this build order below. Start the game timer, and the build order will tick by so you can play in parallel with StarCraft on a second screen or mobile device.

Game Time

  0:00

Last Step

  N/A

Next Step

Upcoming Step



Don't want to look back and forth between 2 screens? Try out our Overwolf App, the Spawning Tool Build Advisor to get an in-game overlay with this build!

Complete Build Order

  12  0:00  Probe  
  13  0:12  Probe  
  14  0:20  Pylon  
  14  0:24  Probe  
  15  0:38  Probe (Chrono Boost)  
  15  0:40  Gateway  
  16  0:47  Probe (Chrono Boost)  
  16  0:48  Assimilator  
  17  0:52  Probe (Chrono Boost)  
  18  1:04  Probe (Chrono Boost)  
  19  1:12  Assimilator  
  19  1:16  Probe (Chrono Boost)  
  20  1:22  Probe (Chrono Boost)  
  20  1:23  Pylon  
  21  1:28  Cybernetics Core  
  21  1:31  Probe  
  22  1:41  Zealot  
  22  1:43  Probe  
  25  1:55  Probe  
  26  2:07  Sentry (Chrono Boost)  
  29  2:11  Warp Gate  
  29  2:13  Pylon  
  28  2:22  Stalker (Chrono Boost)  
  30  2:30  Nexus  
  30  2:36  Shield Battery  
  30  2:46  Robotics Facility  
  30  2:51  Sentry  
  32  2:58  Pylon  
  31  3:14  Shield Battery  
  31  3:18  Stalker  
  33  3:30  Immortal (Chrono Boost)  
  37  3:41  Gateway  
  37  3:59  Sentry, Warp Prism (Chrono Boost)  
  41  4:09  Cybernetics Core  
  33  4:22  Sentry  
  39  4:34  Pylon  
  35  4:40  Immortal (Chrono Boost)  
  39  4:46  Zealot  
  33  5:07  Sentry  
  33  5:12  Shield Battery, Immortal (Chrono Boost)  
  39  5:23  Shield Battery  
  39  5:27  Pylon